IL
CHARLOTTE KNIGHTS @ FRESNO GRIZZLIES
08/31/2047
 
TOP OF THE 1ST
Charlotte Knights batting - Pitching for Fresno Grizzlies : RHP Andy Harrigan
Pitching: RHP Andy Harrigan
Batting: RHB Jason Moss 0-0: Called Strike
0-1: Ball
1-1: Foul Ball, location: 2F
1-2: Strikes out looking
Batting: RHB Jon Solano 0-0: Ball
1-0: Called Strike
1-1: Foul Ball, location: 2F
1-2: Ball
2-2: Foul Ball, location: 2F
2-2: Strikes out swinging
Batting: LHB Carlos Ramirez 0-0: Called Strike
0-1: Ball
1-1: Fly out, F8 (Flyball, 8LD, EV 95.6 MPH)
Top of the 1st over - 0 runs, 0 hits, 0 errors, 0 left on base; Charlotte 0 - Fresno 0
BOTTOM OF THE 1ST
Fresno Grizzlies batting - Pitching for Charlotte Knights : LHP Isaias Felix
Pitching: LHP Isaias Felix
Batting: RHB Ben Hoffman 0-0: Called Strike
0-1: Ball
1-1: Foul Ball, location: 2F
1-2: Fly out, F8 (Flyball, 8LD, EV 94.4 MPH)
Batting: LHB Bob Dietz 0-0: Ball
1-0: Ground out 4-3 (Groundball, 4M, EV 86.2 MPH)
Batting: LHB Shigeru Ono 0-0: Ball
1-0: Foul Ball, location: 2F
1-1: Ball
2-1: Ball
3-1: Swinging Strike
3-2: SINGLE (Groundball, 34D, EV 109.4 MPH)
Batting: RHB Ramon Castellon 0-0: Foul Ball, location: 2F
0-1: Called Strike
0-2: Ball
1-2: Ground out 4-3 (Groundball, 34, EV 95.0 MPH)
Bottom of the 1st over - 0 runs, 1 hit, 0 errors, 1 left on base; Charlotte 0 - Fresno 0
TOP OF THE 2ND
Charlotte Knights batting - Pitching for Fresno Grizzlies : RHP Andy Harrigan
Batting: LHB Angel Tellez 0-0: Foul Ball, location: 2F
0-1: Swinging Strike
0-2: Ball
1-2: Foul Ball, location: 2F
1-2: Strikes out looking
Batting: LHB Ricardo Pagan 0-0: Swinging Strike
0-1: Ball
1-1: Ball
2-1: Ball
3-1: Base on Balls
Batting: RHB Jose Medina 0-0: Ball
1-0: Ball
2-0: Ball
3-0: Base on Balls
Ricardo Pagan to second
Batting: RHB Jeremy Hoffert 0-0: Called Strike
0-1: Ball
1-1: Ball
2-1: Foul Ball, location: 2F
2-2: Fly out, F7 (Line Drive, 78M, EV 83.8 MPH)
Batting: RHB Kikuo Sato 0-0: Ball
1-0: Called Strike
1-1: Foul Ball, location: 2F
1-2: Foul Ball, location: 2F
1-2: Strikes out looking
Top of the 2nd over - 0 runs, 0 hits, 0 errors, 2 left on base; Charlotte 0 - Fresno 0
BOTTOM OF THE 2ND
Fresno Grizzlies batting - Pitching for Charlotte Knights : LHP Isaias Felix
Batting: LHB Jimmy Edlin 0-0: Ball
1-0: Called Strike
1-1: Ball
2-1: SINGLE (Groundball, 6D, EV 97.5 MPH)
Batting: RHB Bill Cabrera 0-0: Ball
1-0: Called Strike
1-1: Ball
2-1: Fly out, F2 (Popup, 25F, EV 85.0 MPH)
Batting: RHB Sam Spohn 0-0: Called Strike
0-1: Foul Ball, location: 2F
0-2: Strikes out looking
Batting: SHB Paskar Adegoke 0-0: Ball
1-0: Foul Ball, location: 2F
1-1: Fielders Choice at 2nd, 6-4 (Groundball, 6, EV 76.2 MPH)
Bottom of the 2nd over - 0 runs, 1 hit, 0 errors, 1 left on base; Charlotte 0 - Fresno 0
TOP OF THE 3RD
Charlotte Knights batting - Pitching for Fresno Grizzlies : RHP Andy Harrigan
Batting: RHB Steve Waltenbery 0-0: Foul Ball, location: 2F
0-1: Swinging Strike
0-2: Foul Ball, location: 2F
0-2: Ball
1-2: Ball
2-2: Fly out, F7 (Line Drive, 78M, EV 88.8 MPH)
Batting: RHB Jason Moss 0-0: Ground out 3-1 (Groundball, 34, EV 85.6 MPH)
Batting: RHB Jon Solano 0-0: Ball
1-0: Fly out, F8 (Flyball, 8RD, EV 93.1 MPH)
Top of the 3rd over - 0 runs, 0 hits, 0 errors, 0 left on base; Charlotte 0 - Fresno 0
BOTTOM OF THE 3RD
Fresno Grizzlies batting - Pitching for Charlotte Knights : LHP Isaias Felix
Batting: RHB Raul Sanchez 0-0: Foul Ball, location: 2F
0-1: Ball
1-1: Fly out, F8 (Flyball, 8LM, EV 84.4 MPH)
Batting: RHB Ben Hoffman 0-0: Ball
1-0: Ball
2-0: Called Strike
2-1: Swinging Strike
2-2: Strikes out swinging
Batting: LHB Bob Dietz 0-0: Foul Ball, location: 2F
0-1: Foul Ball, location: 2F
0-2: Ground out 6-3 (Groundball, 6, EV 100.6 MPH)
Bottom of the 3rd over - 0 runs, 0 hits, 0 errors, 0 left on base; Charlotte 0 - Fresno 0
TOP OF THE 4TH
Charlotte Knights batting - Pitching for Fresno Grizzlies : RHP Andy Harrigan
Batting: LHB Carlos Ramirez 0-0: Foul Ball, location: 2F
0-1: Ball
1-1: Foul Ball, location: 2F
1-2: Fly out, F7 (Line Drive, 7, EV 86.2 MPH)
Batting: LHB Angel Tellez 0-0: Ball
1-0: Called Strike
1-1: Foul Ball, location: 2F
1-2: Ball
2-2: Ground out 4-3 (Groundball, 4, EV 97.5 MPH)
Batting: LHB Ricardo Pagan 0-0: Swinging Strike
0-1: Ball
1-1: Foul Ball, location: 2F
1-2: Strikes out swinging
Top of the 4th over - 0 runs, 0 hits, 0 errors, 0 left on base; Charlotte 0 - Fresno 0
BOTTOM OF THE 4TH
Fresno Grizzlies batting - Pitching for Charlotte Knights : LHP Isaias Felix
Batting: LHB Shigeru Ono 0-0: Called Strike
0-1: Ball
1-1: Ball
2-1: Swinging Strike
2-2: Strikes out swinging
Batting: RHB Ramon Castellon 0-0: Foul Ball, location: 2F
0-1: Called Strike
0-2: Ball
1-2: Ground out U3 (Groundball, 3S, EV 76.9 MPH)
Batting: LHB Jimmy Edlin 0-0: Ball
1-0: Foul Ball, location: 2F
1-1: SINGLE (Line Drive, 6D, EV 94.4 MPH)
Batting: RHB Bill Cabrera 0-0: Foul Ball, location: 2F
0-1: Fly out, F8 (Flyball, 8RXD, EV 103.1 MPH)
Bottom of the 4th over - 0 runs, 1 hit, 0 errors, 1 left on base; Charlotte 0 - Fresno 0
TOP OF THE 5TH
Charlotte Knights batting - Pitching for Fresno Grizzlies : RHP Andy Harrigan
Batting: RHB Jose Medina 0-0: Called Strike
0-1: Ball
1-1: Ball
2-1: Ground out 6-3 (Groundball, 6S, EV 83.1 MPH)
Batting: RHB Jeremy Hoffert 0-0: Ball
1-0: Fly out, F8 (Flyball, 8LM, EV 71.2 MPH)
Batting: RHB Kikuo Sato 0-0: SINGLE (Groundball, 5S, EV 66.9 MPH) (infield hit)
Batting: RHB Steve Waltenbery 0-0: Ball
1-0: Ball
2-0: Called Strike
2-1: SINGLE (Groundball, 6M, EV 108.8 MPH) (infield hit)
Kikuo Sato to second
Batting: RHB Jason Moss 0-0: Called Strike
0-1: Called Strike
0-2: Strikes out swinging
Top of the 5th over - 0 runs, 2 hits, 0 errors, 2 left on base; Charlotte 0 - Fresno 0
BOTTOM OF THE 5TH
Fresno Grizzlies batting - Pitching for Charlotte Knights : LHP Isaias Felix
Batting: RHB Sam Spohn 0-0: Fly out, F8 (Flyball, 8LD, EV 106.2 MPH)
Batting: SHB Paskar Adegoke 0-0: Fly out, F7 (Flyball, 7LD, EV 85.6 MPH)
Batting: RHB Raul Sanchez 0-0: Ball
1-0: Foul Ball, location: 2F
1-1: Ball
2-1: Called Strike
2-2: Ground out 6-3 (Groundball, 56D, EV 98.8 MPH)
Bottom of the 5th over - 0 runs, 0 hits, 0 errors, 0 left on base; Charlotte 0 - Fresno 0
TOP OF THE 6TH
Charlotte Knights batting - Pitching for Fresno Grizzlies : RHP Andy Harrigan
Batting: RHB Jon Solano 0-0: Called Strike
0-1: Ball
1-1: Fly out, F3 (Popup, 3SF, EV 65.6 MPH)
Batting: LHB Carlos Ramirez 0-0: Ball
1-0: Ball
2-0: Ball
3-0: Base on Balls
Batting: LHB Angel Tellez 0-0: Called Strike
0-1: 2-RUN HOME RUN (Line Drive, 9LD, EV 97.5 MPH), Distance : 349 ft
Batting: LHB Ricardo Pagan 0-0: Called Strike
0-1: Ball
1-1: Ball
2-1: Foul Ball, location: 2F
2-2: Fly out, F6 (Line Drive, 6, EV 65.6 MPH)
Batting: RHB Jose Medina 0-0: Ball
1-0: Called Strike
1-1: Ball
2-1: Called Strike
2-2: Strikes out looking
Top of the 6th over - 2 runs, 1 hit, 0 errors, 0 left on base; Charlotte 2 - Fresno 0
BOTTOM OF THE 6TH
Fresno Grizzlies batting - Pitching for Charlotte Knights : LHP Isaias Felix
Batting: RHB Ben Hoffman 0-0: Ball
1-0: Called Strike
1-1: Ground out U3 (Groundball, 34S, EV 70.6 MPH)
Batting: LHB Bob Dietz 0-0: Ball
1-0: Ball
2-0: Ball
3-0: Called Strike
3-1: Foul Ball, location: 2F
3-2: Strikes out looking
Batting: LHB Shigeru Ono 0-0: Ground out 4-3 (Groundball, 34D, EV 106.9 MPH)
Bottom of the 6th over - 0 runs, 0 hits, 0 errors, 0 left on base; Charlotte 2 - Fresno 0
TOP OF THE 7TH
Charlotte Knights batting - Pitching for Fresno Grizzlies : RHP Andy Harrigan
Batting: RHB Jeremy Hoffert 0-0: Ball
1-0: Ground out 5-3 (Groundball, 56S, EV 68.1 MPH)
Batting: RHB Kikuo Sato 0-0: SINGLE (Groundball, 4M, EV 82.5 MPH) (infield hit)
Pitching: RHP Tommy Cunningham
Batting: RHB Steve Waltenbery 0-0: Called Strike
0-1: Swinging Strike
0-2: Ball
1-2: Ball
2-2: Foul Ball, location: 2F
2-2: Strikes out swinging
Batting: RHB Jason Moss 0-0: Called Strike
0-1: Ball
1-1: Called Strike
1-2: Strikes out swinging
Top of the 7th over - 0 runs, 1 hit, 0 errors, 1 left on base; Charlotte 2 - Fresno 0
BOTTOM OF THE 7TH
Fresno Grizzlies batting - Pitching for Charlotte Knights : LHP Isaias Felix
Batting: RHB Ramon Castellon 0-0: Swinging Strike
0-1: Ball
1-1: Ground out 5-3 (Groundball, 5, EV 107.5 MPH)
Batting: LHB Jimmy Edlin 0-0: Foul Ball, location: 2F
0-1: Ground out 6-3 (Groundball, 4M, EV 86.2 MPH)
Batting: RHB Bill Cabrera 0-0: Swinging Strike
0-1: Swinging Strike
0-2: Ball
1-2: Strikes out swinging
Bottom of the 7th over - 0 runs, 0 hits, 0 errors, 0 left on base; Charlotte 2 - Fresno 0
TOP OF THE 8TH
Charlotte Knights batting - Pitching for Fresno Grizzlies : RHP Tommy Cunningham
Batting: RHB Jon Solano 0-0: SINGLE (Groundball, 4MD, EV 93.8 MPH)
Batting: LHB Carlos Ramirez 0-0: Ball
1-0: Ball
2-0: Swinging Strike
2-1: Ball
3-1: Base on Balls
Jon Solano to second
Batting: LHB Angel Tellez 0-0: Ball
1-0: Called Strike
1-1: Fielders Choice at 2nd, 6-4 (Groundball, 6, EV 105.0 MPH)
Jon Solano to third
Batting: LHB Ricardo Pagan 0-0: Called Strike
0-1: Foul Ball, location: 2F
0-2: Ball
1-2: Ball
2-2: Strikes out swinging
Batting: RHB Jose Medina 0-0: Foul Ball, location: 2F
0-1: Foul Ball, location: 2F
0-2: Ball
1-2: Foul Ball, location: 2F
1-2: Ball
2-2: Ball
3-2: SINGLE (Groundball, 34D, EV 103.1 MPH)
Jon Solano scores
Angel Tellez to second
Angel Tellez to third
Batting: RHB Jeremy Hoffert 0-0: Called Strike
0-1: Swinging Strike
0-2: Ball
1-2: Ball
2-2: Strikes out swinging
Top of the 8th over - 1 run, 2 hits, 0 errors, 2 left on base; Charlotte 3 - Fresno 0
BOTTOM OF THE 8TH
Fresno Grizzlies batting - Pitching for Charlotte Knights : LHP Isaias Felix
Now at 3B: Jason Bresnahan
Batting: RHB Sam Spohn 0-0: Ground out 5-3 (Groundball, 5, EV 88.1 MPH)
Batting: SHB Paskar Adegoke 0-0: Called Strike
0-1: Called Strike
0-2: Foul Ball, location: 2F
0-2: Strikes out swinging
Batting: RHB Raul Sanchez 0-0: SINGLE (Groundball, 6D, EV 100.0 MPH)
Batting: RHB Ben Hoffman 0-0: Called Strike
0-1: Swinging Strike
0-2: Foul Ball, location: 2F
0-2: Fielders Choice at 2nd, 5-4 (Groundball, 5, EV 82.5 MPH)
Bottom of the 8th over - 0 runs, 1 hit, 0 errors, 1 left on base; Charlotte 3 - Fresno 0
TOP OF THE 9TH
Charlotte Knights batting - Pitching for Fresno Grizzlies : RHP Tommy Cunningham
Pitching: LHP Mike Cobb
Batting: RHB Kikuo Sato 0-0: Called Strike
0-1: Ball
1-1: Called Strike
1-2: Ball
2-2: Strikes out looking
Batting: RHB Steve Waltenbery 0-0: Ball
1-0: SOLO HOME RUN (Flyball, 7D, EV 96.9 MPH), Distance : 379 ft
Batting: RHB Jason Moss 0-0: Called Strike
0-1: Ball
1-1: Fly out, F6 (Line Drive, 6, EV 65.6 MPH)
Batting: RHB Jon Solano 0-0: DOUBLE (Line Drive, 78D, EV 106.9 MPH)
Batting: LHB Carlos Ramirez 0-0: Ball
1-0: Foul Ball, location: 2F
1-1: Ball
Passed Ball!
Jon Solano to third
2-1: Ground out 4-3 (Groundball, 4D, EV 106.2 MPH)
Top of the 9th over - 1 run, 2 hits, 0 errors, 1 left on base; Charlotte 4 - Fresno 0
BOTTOM OF THE 9TH
Fresno Grizzlies batting - Pitching for Charlotte Knights : LHP Isaias Felix
Batting: LHB Bob Dietz 0-0: Ball
1-0: Foul Ball, location: 2F
1-1: Ball
2-1: Ball
3-1: Base on Balls
Batting: LHB Shigeru Ono 0-0: Ball
1-0: Ball
2-0: Grounds into double play, 6-4-3 (Groundball, 6, EV 97.5 MPH)
Batting: RHB Ramon Castellon 0-0: Ball
1-0: Called Strike
1-1: Ball
2-1: Ground out 6-3 (Groundball, 6M, EV 86.9 MPH)
Bottom of the 9th over - 0 runs, 0 hits, 0 errors, 0 left on base; Charlotte 4 - Fresno 0
Thursday, December 15th , 2022 - OOTP Baseball 23.9 Build 102